 Dungeon Crawl Stone Soup version 0.21.0-37-g46506fa (webtiles) character file.

5 Monsterracer the Magician (level 1, 0/13 HPs)
             Began as a Human Wizard on Jan 30, 2018.
             Slain by a bat (1 damage)
             ... on level 2 of the Dungeon.
             The game lasted 00:01:31 (250 turns).

Monsterracer the Magician (Human Wizard)             Turns: 250, Time: 00:01:32

Health: 0/13       AC:  2    Str:  6 (7)  XL:     1   Next: 88%
Magic:  1/4        EV: 12    Int: 16 (18) God:
Gold:   14         SH:  0    Dex: 10 (11) Spells: 5/6 levels left

rFire    + . .     SeeInvis .   (no weapon)
rCold    + . .     Gourm    .   (no shield)
rNeg     . . .     Faith    .   a - +0 robe
rPois    +         Spirit   .   b - +0 hat
rElec    +         Reflect  .   (no cloak)
rCorr    +         Harm     .   (no gloves)
MR       .....                  (no boots)
Stlth    ++........             (no amulet)
HPRegen  0.04/turn              (no ring)
MPRegen  0.09/turn              (no ring)

@: resistant
A: no striking features
a: no special abilities


You were on level 2 of the Dungeon.
You were not hungry.

You visited 1 branch of the dungeon, and saw 2 of its levels.

You collected 14 gold pieces.

Inventory:

Armour
 a - a +0 robe (worn)
 b - a +0 hat (worn)
 g - a +0 ring mail
Scrolls
 e - a scroll of enchant weapon {unknown}
 f - a scroll of teleportation {unknown}
Books
 d - a book of Minor Magic

   Spells                             Type                      Level
   a - Magic Dart                     Conjuration                  1
   b - Blink                          Translocation                2
   c - Call Imp                       Summoning                    2
   d - Slow                           Hexes                        2
   e - Conjure Flame                  Conjuration/Fire             3
   f - Mephitic Cloud                 Conjuration/Poison/Air       3
Comestibles
 c - 3 rations


   Skills:
 - Level 2.0 Dodging
 - Level 2.0 Stealth
 - Level 3.0 Spellcasting
 + Level 1.8 Conjurations
   Level 1.0 Summonings
   Level 1.0 Translocations


You had 5 spell levels left.
You knew the following spells:

 Your Spells              Type           Power        Failure   Level  Hunger
a - Magic Dart            Conj           #...         9%          1    #......


Dungeon Overview and Level Annotations

Branches:
Dungeon (2/15)

Altars:


Message History

The jackal bites you. The jackal barely misses you.
You take 2 damage, and have 11/13 hp.
You now have 1/4 mp.
A jackal is nearby!
Casting: Magic Dart
Confirm with . or Enter, or press ? or * to list all spells.
Aiming: Magic Dart
Press: ? - help, Shift-Dir - straight line, f/p - jackal
Aim: a jackal (almost dead)
The magic dart hits the jackal.
The jackal is almost dead.
The jackal closely misses you.
You now have 0/4 mp.
You hit the jackal but do no damage.
The jackal is almost dead.
The jackal bites you.
The jackal bites you but does no damage.
You take 3 damage, and have 8/13 hp.
MASSIVE DAMAGE!!
You hit the jackal.
You kill the jackal!
A jackal comes into view.
The jackal barks!
You hear a bark!
A jackal comes into view.
The jackal stops to sniff the ground.
A jackal comes into view.
The jackal moves out of view.
Casting: Magic Dart
Confirm with . or Enter, or press ? or * to list all spells.
Aiming: Magic Dart
Press: ? - help, Shift-Dir - straight line, f - jackal
Aim: a jackal The magic dart hits the jackal.
The jackal is lightly wounded.
The jackal barely misses you.
You now have 0/4 mp.
The jackal barely misses you. The jackal closely misses you.
The jackal bites you.
You take 1 damage, and have 8/13 hp.
Casting: Magic Dart
Confirm with . or Enter, or press ? or * to list all spells.
Aiming: Magic Dart
Press: ? - help, Shift-Dir - straight line, f/p - jackal
Aim: a jackal (lightly wounded)
The magic dart hits the jackal.
The jackal is heavily wounded.
The jackal bites you but does no damage.
You now have 0/4 mp.
The jackal bites you.
* * * LOW HITPOINT WARNING * * *
You take 3 damage, and have 5/13 hp.
MASSIVE DAMAGE!!
There is a stone staircase leading down here.
The jackal closely misses you.
You climb downwards.
A bat and a worm come into view.
Found a cloak.
There is a stone staircase leading up here.
The jackal closely misses you. The jackal barely misses you.
Found a black potion.
The bat hits you.
* * * LOW HITPOINT WARNING * * *
The bat hits you but does no damage.
You take 1 damage, and have 4/13 hp.
The bat closely misses you. x2
The bat barely misses you.
A rat comes into view.
The bat hits you.
* * * LOW HITPOINT WARNING * * *
The bat barely misses you.
You take 1 damage, and have 3/13 hp.
The bat hits you.
* * * LOW HITPOINT WARNING * * *
You take 1 damage, and have 2/13 hp.
The bat hits you but does no damage. The bat closely misses you.
The bat hits you.
* * * LOW HITPOINT WARNING * * *
You take 1 damage, and have 1/13 hp.
The bat hits you but does no damage.
It was a potion of resistance.
You feel protected. The jackal barely misses you.
It was a potion of degeneration.
There was something very wrong with that liquid.
You feel weakened.
You feel dopey.
You feel clumsy. The jackal barely misses you. x2
Casting: Magic Dart
Confirm with . or Enter, or press ? or * to list all spells.
Aiming: Magic Dart
Press: ? - help, Shift-Dir - straight line, f - jackal
Aim: a jackal (moderately wounded)
The magic dart hits the jackal.
You kill the jackal!
The bat barely misses you.
You now have 0/4 mp.
The bat hits you but does no damage. The bat hits you but does no damage.
The bat closely misses you. The bat hits you.
* * * LOW HITPOINT WARNING * * *
The bat hits you.
You die...

##### ...##########...#
.......@b...w...#
...##########...########
##.#...[.... #r#.##.#...
##.#.##...##
#......<....
#........### #.##.#####
#. #.#


You could see a worm and a bat.

Vanquished Creatures
  A goblin (D:1)
  2 jackals
  A frilled lizard (D:1)
  A rat (D:1)
5 creatures vanquished.

Notes
Turn   | Place    | Note
-------+----------+-------------------------------------------
     0 | D:1      | Monsterracer the Human Wizard began the quest for the Orb.
     0 | D:1      | Reached XP level 1. HP: 13/13 MP: 4/4
   230 | D:1      | HP: 5/13 [jackal (3)]
   235 | D:2      | HP: 4/13 [bat (1)]
   240 | D:2      | HP: 2/13 [bat (1)]
   250 | D:2      | HP: 1/13 [bat (1)]
   250 | D:2      | Slain by a bat

Action                   || total
-------------------------++-------
Melee: Unarmed           ||     2
 Cast: Magic Dart        ||    13
  Use: Potion            ||     2
Armor: Robe              ||     7
Dodge: Dodged            ||    19

Vault maps used:
D:1:      scummos_arrival_star
D:2:      first_ration, uniq_terence
